 Dungeon Sprint DCSS version 0.17-a0-2215-g49c1de0 (webtiles) character file.

315 kosy22 the Grappler (level 6, -5/67 HPs)
             Began as a Troll Monk on Oct 27, 2015.
             Was the Champion of Jiyva.
             Slain by a gargoyle
             ... wielding a cursed -1 mace
              (8 damage)
             ... in the Dungeon (Sprint IX: "|||||||||||||||||||||||||||||").
             The game lasted 00:01:42 (144 turns).

kosy22 the Grappler (Troll Monk)                     Turns: 144, Time: 00:01:42

Health: -5/67      AC:  6    Str: 22    XL:     6   Next: 19%
Magic:  0/4        EV: 12    Int:  6    God:    Jiyva [******]
Gold:   0          SH:  0    Dex: 12    Spells: 0 memorised, 5 levels left

rFire  . . .     SeeInvis .     m - +2 halberd of Ipsoiph {freeze, rN+}
rCold  . . .     Rnd*Rage +     a - +0 robe
rNeg   + . .     SustAt   .     (no shield)
rPois  .         Gourm    +     (helmet restricted)
rElec  .         Spirit   .     (no cloak)
rCorr  +         Warding  .     (gloves unavailable)
rMut   .         NoTele   +     (boots unavailable)
MR     .....                    (no amulet)
Stlth  ++........               (no ring)
                                o - +2 ring of protection

@: not resistant to hostile enchantments, unstealthy
A: unfitting armour, claws 3, horns 1, berserk 1, deformed body, fast metabolism
3, gourmand, low mp 1, regeneration 2, screaming 1, shaggy fur 1, tough skin 2,
acidic bite
a: Request Jelly, Jelly Paralyse, Slimify, Cure Bad Mutation, Renounce Religion


You were in the Dungeon.
You worshipped Jiyva.
Jiyva was exalted by your worship.
You were not hungry.

You visited 1 branch

Inventory:

Hand Weapons
 m - the +2 halberd of Ipsoiph (weapon) {freeze, rN+}
   (You found it in the Dungeon)

   It has been specially enchanted to freeze those struck by it, causing extra
   injury to most foes and up to half again as much damage against particularly
   susceptible opponents.
   It can also slow down cold-blooded creatures.
   It protects you from negative energy.
Armour
 a - a +0 robe (worn)
 n - a +0 cloak
Jewellery
 o - a +2 ring of protection (left claw)
Wands
 l - a wand of fire (7)
Scrolls
 h - 2 scrolls of blinking
 j - 3 scrolls of remove curse
 k - 2 scrolls of amnesia
Potions
 c - a potion of curing
 d - a potion of invisibility
 e - a potion of haste
 f - 4 potions of magic
 g - a potion of berserk rage
 i - 2 potions of heal wounds
Comestibles
 b - 2 bread rations


   Skills:
 + Level 5.8 Fighting
 + Level 1.0 Polearms
 + Level 6.2 Dodging
 + Level 2.0 Stealth
 + Level 9.6 Unarmed Combat


You had 5 spell levels left.
You didn't know any spells.

Dungeon Overview and Level Annotations

Branches:
Dungeon (1/1)

Altars:
Cheibriados
Dithmenos
Elyvilon
Fedhas
Gozag
Kikubaaqudgha
Makhleb
Nemelex Xobeh
Okawaru
Qazlal
Ru
Sif Muna
Trog
Vehumet
Xom
Yredelemnul
Zin
The Shining One
Beogh
Jiyva
Lugonu


Innate Abilities, Weirdness & Mutations

You are too large for most types of armour.
You have claws for hands.
Your metabolism is lightning-fast.
You like to eat raw meat.
You heal very quickly.
You are covered in fur (AC +1).
You have very tough skin (AC +2).
You have a pair of small horns on your head.
You tend to lose your temper in combat.
Armour fits poorly on your strangely shaped body.
Your magical capacity is low (-10% MP).
You occasionally shout uncontrollably at your foes.
You have acidic saliva.


Message History

The crimson imp hits you but does no damage.
The gargoyle hurls a stone arrow at you.
The stone arrow hits the adder skeleton.
The adder skeleton is destroyed!
The gargoyle closely misses you.
You barely miss the gargoyle. You headbutt the gargoyle.
The gargoyle is lightly damaged.
The crimson imp blinks!
The gargoyle hits you with a mace.
You hit the gargoyle but do no damage.
The gargoyle is lightly damaged.
The gargoyle closely misses you.
The gargoyle hurls a stone arrow at you.
The stone arrow hits you!
* * * LOW HITPOINT WARNING * * *
You shudder from the blast and a jelly pops out!
You closely miss the crimson imp. Your headbutt misses the crimson imp.
The crimson imp hits you but does no damage.
Your acid blob completely misses the crimson imp.
The gargoyle hits you with a mace!
You die...

▓+▓
▓.▓
▓.▓
▓.▓
▓.▓
▓9▓
▓@▓
▓5▓
▓J▓
▓.▓
▓.▓
▓.▓
▓.▓
▓.▓
▓.▓


You could see a gargoyle, a crimson imp and a friendly acid blob.

Vanquished Creatures
  A wraith (D)
  A water moccasin (D)
  A worker ant (D)
  2 adders (D)
  2 shadow imps (D)
  An ooze (D)
  A giant gecko (D)
  An orc (D)
  A kobold (D)
  A bat (D)
  A rat (D)
13 creatures vanquished.

Vanquished Creatures (others)
  An adder skeleton (D)
1 creature vanquished.

Grand Total: 14 creatures vanquished

Notes
Turn   | Place    | Note
--------------------------------------------------------------
     0 | D        | kosy22 the Troll Monk began the quest for the Orb.
     0 | D        | Reached XP level 1. HP: 22/22 MP: 0/0
    14 | D        | Reached skill level 5 in Unarmed Combat
    16 | D        | Reached XP level 2. HP: 23/29 MP: 1/1
    33 | D        | Noticed a worker ant
    41 | D        | Killed a worker ant
    41 | D        | Reached skill level 6 in Unarmed Combat
    41 | D        | Reached XP level 3. HP: 19/37 MP: 2/2
    61 | D        | Found a glowing silver altar of Zin.
    61 | D        | Found a glowing golden altar of the Shining One.
    61 | D        | Found an ancient bone altar of Kikubaaqudgha.
    61 | D        | Found a basalt altar of Yredelemnul.
    61 | D        | Found a shimmering altar of Xom.
    61 | D        | Found a radiant altar of Vehumet.
    62 | D        | Found an iron altar of Okawaru.
    63 | D        | Found a burning altar of Makhleb.
    64 | D        | Found a deep blue altar of Sif Muna.
    65 | D        | Found a bloodstained altar of Trog.
    66 | D        | Found a sparkling altar of Nemelex Xobeh.
    67 | D        | Found a white marble altar of Elyvilon.
    68 | D        | Found a roughly hewn altar of Beogh.
    69 | D        | Found a viscous altar of Jiyva.
    70 | D        | Found a corrupted altar of Lugonu.
    71 | D        | Found a blossoming altar of Fedhas.
    72 | D        | Found a snail-covered altar of Cheibriados.
    73 | D        | Found a shadowy altar of Dithmenos.
    74 | D        | Found a stormy altar of Qazlal.
    75 | D        | Found an opulent altar of Gozag.
    76 | D        | Found a sacrificial altar of Ru.
    77 | D        | Became a worshipper of Jiyva Jeduem the Shapeless
    77 | D        | Reached * piety under Jiyva
    77 | D        | Reached ** piety under Jiyva
    94 | D        | Got the +2 halberd of Ipsoiph {freeze, rN+}
    99 | D        | Reached *** piety under Jiyva
    99 | D        | Gained mutation: Your magical capacity is low (-10% MP). [Jiyva's grace]
    99 | D        | Reached **** piety under Jiyva
    99 | D        | Gained mutation: You occasionally shout uncontrollably at your foes. [Jiyva's grace]
    99 | D        | Gained mutation: You tend to lose your temper in combat. [Jiyva's grace]
    99 | D        | Reached ***** piety under Jiyva
    99 | D        | Gained mutation: You have a pair of small horns on your head. [Jiyva's grace]
   101 | D        | Gained mutation: Armour fits poorly on your strangely shaped body. [Jiyva's grace]
   101 | D        | Reached ****** piety under Jiyva
   102 | D        | Gained mutation: You have acidic saliva. [Jiyva's grace]
   110 | D        | Noticed a gargoyle
   110 | D        | Noticed a wraith
   110 | D        | Noticed a crimson imp
   110 | D        | Noticed a water moccasin
   120 | D        | Killed a water moccasin
   120 | D        | Reached skill level 5 in Fighting
   120 | D        | Reached skill level 5 in Dodging
   120 | D        | Reached skill level 8 in Unarmed Combat
   120 | D        | Reached XP level 4. HP: 26/50 MP: 2/2
   120 | D        | Reached XP level 5. HP: 29/57 MP: 3/3
   138 | D        | Killed a wraith
   138 | D        | Reached skill level 1 in Polearms
   138 | D        | Reached skill level 9 in Unarmed Combat
   138 | D        | Reached XP level 6. HP: 22/67 MP: 4/4
   143 | D        | HP: 2/67 [gargoyle/stone arrow (22)]
   144 | D        | Slain by a gargoyle

Vault maps used:
D:        linesprint

Action                   |  1- 3 |  4- 6 || total
-------------------------+-------+-------++-------
Melee: Unarmed           |    33 |       ||    33
       Halberd           |    10 |    17 ||    27
Invok: Slimify           |       |     1 ||     1
  Use: Potion            |     1 |     4 ||     5
